 Dungeon Crawl Stone Soup version 0.20-a0-9-g62d82d9 (webtiles) character file.

627 JustSomeDude the Poker (level 7, -12/54 HPs)
             Began as a Demonspawn Fighter on Nov 1, 2016.
             Killed by nerve-wracking pain
             ... invoked by Grinder
              (13 damage)
             ... on level 5 of the Dungeon.
             The game lasted 00:05:01 (2993 turns).

JustSomeDude the Poker (Demonspawn Fighter)         Turns: 2993, Time: 00:05:02

Health: -12/54     AC:  7    Str: 20    XL:     7   Next: 23%
Magic:  7/7        EV:  8    Int:  7    God:
Gold:   251        SH: 10    Dex: 17    Spells: 0 memorised, 6 levels left

rFire  + . .     SeeInvis .     a - +0 trident
rCold  . . .     Gourm    .     b - +0 scale mail
rNeg   . . .     Faith    .     c - +0 shield
rPois  .         Spirit   .     (no helmet)
rElec  .         Reflect  .     (no cloak)
rCorr  .         Harm     .     (no gloves)
MR     .....                    (no boots)
Stlth  +++.......               (no amulet)
                                (no ring)
                                (no ring)

@: no status effects
A: thin skeletal structure 2, dopey 1, fire resistance 1, nightstalker 1, spiny
1, strong 1
a: no special abilities


You were on level 5 of the Dungeon.
You were not hungry.

You visited 1 branch of the dungeon, and saw 5 of its levels.

You collected 251 gold pieces.

Inventory:

Hand Weapons
 a - a +0 trident (weapon)
Armour
 b - a +0 scale mail (worn)
 c - a +0 shield (worn)
 v - a +2 hat
Wands
 w - a wand of iceblast (6/15)
Scrolls
 e - 4 scrolls of remove curse {unknown}
 g - 5 scrolls of identify {unknown}
 i - 3 scrolls of enchant armour {unknown}
 j - 2 scrolls of teleportation {unknown}
 n - a scroll of amnesia {unknown}
 r - a scroll of magic mapping {unknown}
 t - a scroll of enchant weapon {unknown}
 x - a scroll of recharging {unknown}
Potions
 d - a potion of might
 l - a potion of cancellation {unknown}
 m - 2 potions of mutation
 o - a potion of cure mutation {unknown}
 p - a potion of flight {unknown}
 q - 3 potions of brilliance {unknown}
 s - a potion of resistance {unknown}
 u - a potion of haste {unknown}
 B - a potion of magic {unknown}
Comestibles
 f - 4 bread rations
 h - 5 meat rations
 k - 2 slices of pizza
 z - a beef jerky
 A - 13 chunks of flesh


   Skills:
 + Level 4.2 Fighting
 + Level 4.9 Polearms
 + Level 3.9 Armour
 + Level 1.0 Dodging
 + Level 1.2 Stealth
 + Level 4.1 Shields


You had 6 spell levels left.
You didn't know any spells.

Dungeon Overview and Level Annotations

Branches:
Dungeon (5/15)
 Temple: D:4-7

Altars:
Ashenzari
Cheibriados
Fedhas
Kikubaaqudgha
Sif Muna
Trog
Xom
Zin

Shops:
D:4 =:

Annotations:
D:5 Grinder


Innate Abilities, Weirdness & Mutations

You have a moderately thin skeletal structure. (Dex +4, Stealth+)
You are slightly more attuned to the shadows.
You are partially covered in sharp spines.
You are dopey. (Int -2)
Your flesh is heat resistant. (rF+)
Your muscles are strong. (Str +2)


Message History

You suddenly lose the ability to move!
Grinder barely misses you. Grinder is struck by your spines. Grinder hits you.
You writhe in agony.
Grinder hits you.
You writhe in agony.
* * * LOW HITPOINT WARNING * * *
Grinder is struck by your spines. Grinder hits you!
* * * LOW HITPOINT WARNING * * *
You writhe in agony.
* * * LOW HITPOINT WARNING * * *
Grinder hits you.
* * * LOW HITPOINT WARNING * * *
Grinder hits you but does no damage.
You can move again.
Unknown command.
Unknown command.
Unknown command.
It was a potion of mutation.
You feel extremely strange.
You feel stupid.
You feel stronger.
You feel resistant to heat. Grinder gestures at you.
Pain shoots through your body!
You die...

.%.### ###### ......
... #....# ...... ..#
#....# ......###.#
#....# .......##.#
#....#
>....[)##.#######....#
#....$@)......[#.....#
#.#####5.(...........#
##.......##.)..#
#.......##....#
#.......#.....#
......#.......##
...............#
#####...#####......#
##...##.##...##.....#


You could see Grinder.

Vanquished Creatures
  Menkaure (D:4)
  A phantom (D:4)
  An ogre (D:4)
  A scorpion (D:4)
  A hound (D:4)
  An orc wizard (D:5)
  An iguana (D:5)
  3 worker ants
  A worker ant zombie (D:5)
  3 adders (D:3)
  2 oozes (D:2)
  2 worms
  2 dart slugs (D:1)
  4 leopard geckos
  7 orcs (D:5)
  6 bats
  3 giant cockroaches
  10 goblins
  4 hobgoblins
  6 jackals
  3 quokkas
  A ball python (D:2)
  5 frilled lizards
  7 kobolds
  A leopard gecko skeleton (D:4)
  7 rats
84 creatures vanquished.

Notes
Turn   | Place    | Note
-------+----------+-------------------------------------------
     0 | D:1      | JustSomeDude the Demonspawn Fighter began the quest for the Orb.
     0 | D:1      | Reached XP level 1. HP: 18/18 MP: 1/1
   120 | D:1      | Found a shimmering altar of Xom.
   134 | D:1      | Gained mutation: You have a somewhat thin skeletal structure. (Dex +2, Stealth) [demonic ancestry]
   134 | D:1      | Reached XP level 2. HP: 24/24 MP: 2/2
   753 | D:2      | Gained mutation: You are partially covered in sharp spines. [demonic ancestry]
   753 | D:2      | Reached XP level 3. HP: 25/29 MP: 3/3
  1049 | D:2      | Found an ancient bone altar of Kikubaaqudgha.
  1435 | D:3      | Reached XP level 4. HP: 31/35 MP: 4/4
  1501 | D:3      | Found a snail-covered altar of Cheibriados.
  1561 | D:3      | Found a shattered altar of Ashenzari.
  2061 | D:4      | Gained mutation: You have a moderately thin skeletal structure. (Dex +4, Stealth+) [demonic ancestry]
  2061 | D:4      | Reached XP level 5. HP: 31/42 MP: 5/5
  2222 | D:4      | Noticed Menkaure
  2230 | D:4      | Killed Menkaure
  2230 | D:4      | Reached XP level 6. HP: 23/48 MP: 6/6
  2275 | D:4      | Found Geff's Book Shoppe.
  2497 | D:4      | Reached skill level 1 in Dodging
  2497 | D:4      | Reached skill level 1 in Stealth
  2719 | D:4      | Found Fiqugila's Jewellery Emporium.
  2821 | D:5      | Entered Level 5 of the Dungeon
  2835 | D:5      | Gained mutation: You are slightly more attuned to the shadows. [demonic ancestry]
  2835 | D:5      | Reached XP level 7. HP: 34/54 MP: 7/7
  2857 | D:5      | Found a blossoming altar of Fedhas.
  2867 | D:5      | Found a deep blue altar of Sif Muna.
  2870 | D:5      | Found a glowing silver altar of Zin.
  2873 | D:5      | Found a bloodstained altar of Trog.
  2976 | D:5      | Noticed Grinder
  2978 | D:5      | Paralysed by Grinder for 6 turns
  2987 | D:5      | Paralysed by Grinder for 6 turns
  2991 | D:5      | HP: 1/54 [Grinder (4)]
  2993 | D:5      | Gained mutation: You are dopey. (Int -2) [potion of mutation]
  2993 | D:5      | Gained mutation: Your muscles are strong. (Str +2) [potion of mutation]
  2993 | D:5      | Gained mutation: Your flesh is heat resistant. (rF+) [potion of mutation]
  2993 | D:5      | Killed from afar by Grinder

Vault maps used:
D:1:      lemuel_arrival_funnel, xom_teletrap_fun
D:2:      lemuel_crystal_altar
D:3:      ashenzari_conservatory_becter, cheibriados_altar_1
D:4:      serial_shops, nicolae_shop_temple_entry_statues_fountains, shop,
          uniq_menkaure
D:5:      grunt_temple_overflow_cloverleaf,
          nicolae_dithmenos_through_a_glass_darkly, first_bread, uniq_pikel,
          uniq_grinder

Skill      XL: |  1  2  3  4  5  6 |
---------------+-------------------+-----
Shields        | 3 4 |  4.1
Armour         | 3 |  3.9
Polearms       | 2 3 4 |  4.9
Fighting       | 4 |  4.2
Dodging        | 1 |  1.0
Stealth        | 1 |  1.2

Action                   |  1- 3 |  4- 6 |  7- 9 || total
-------------------------+-------+-------+-------++-------
Melee: Trident           |   157 |    93 |    32 ||   282
  Use: Potion            |       |       |     1 ||     1
 Stab: Sleeping          |       |     2 |     2 ||     4
  Eat: Chunk             |     1 |     5 |     1 ||     7
Armor: Scale mail        |    52 |    15 |    13 ||    80
Dodge: Dodged            |    24 |    12 |     9 ||    45
Block: Shield            |    70 |    27 |    14 ||   111
